 Dungeon Crawl Stone Soup version 0.28.0-45-g0d030f2227 (webtiles) character file.

Game seed: 6702822803217108353

301 Fartwhistle the Skirmisher (level 6, -8/56 HPs)
             Began as a Hill Orc Fighter on Apr 14, 2022.
             Was an Initiate of Okawaru.
             Mangled by a small abomination (11 damage)
             ... on level 1 of the Abyss.
             The game lasted 00:13:33 (4744 turns).

Fartwhistle the Skirmisher (Hill Orc Fighter)       Turns: 4744, Time: 00:13:34

Health: -8/56      AC:  8    Str: 21    XL:     6   Next: 37%
Magic:  6/6        EV:  9    Int:  8    God:    Okawaru [......]
Gold:   102        SH:  5    Dex: 16    Spells: 5/5 levels left

rFire   . . .      SeeInvis .   a - +0 war axe
rCold   . . .      Faith    .   c - +0 buckler
rNeg    . . .      Spirit   .   b - +0 scale mail
rPois   .          Reflect  .   (no helmet)
rElec   .          Harm     .   (no cloak)
rCorr   .          Rampage  .   r - +0 pair of gloves
Will    .....                   (no boots)
Stlth   ..........              (no amulet)
HPRegen 0.18/turn               s - +6 ring of dexterity
MPRegen 0.10/turn               (no ring)

@: no status effects
A: no striking features
a: Renounce Religion


You were on level 1 of the Abyss.
You worshipped Okawaru.
Okawaru was noncommittal.
You visited 2 branches of the dungeon, and saw 6 of its levels.
You visited the Abyss 1 time.

You collected 234 gold pieces.
You spent 132 gold pieces at shops.

Inventory:

Hand Weapons
 a - a +0 war axe (weapon)
Missiles
 m - 4 javelins (quivered)
Armour
 b - a +0 scale mail (worn)
 c - a +0 buckler (worn)
 r - a +0 pair of gloves (worn)
 u - a +0 scale mail
Jewellery
 s - a +6 ring of dexterity (left hand)
Scrolls
 e - a scroll of amnesia
 f - 5 scrolls of teleportation
 g - 2 scrolls of identify
 h - a scroll of vulnerability {unknown}
 i - a scroll of immolation {unknown}
 k - a scroll of enchant armour {unknown}
 n - a scroll of silence {unknown}
 p - 2 scrolls of noise {unknown}
 q - a scroll of fear {unknown}
Potions
 d - a potion of might
 j - 2 potions of curing
 l - a potion of brilliance {unknown}
 o - 2 potions of lignification {unknown}
 t - a potion of mutation {unknown}


   Skills:
 + Level 5.4 Fighting
 + Level 5.0 Axes
 + Level 1.8 Throwing
 + Level 4.9 Armour
 - Level 3.2 Shields


You had 5 spell levels left.
You didn't know any spells.
Your spell library contained the following spells:

 Spells                   Type           Power      Damage    Failure   Level
 Apportation              Tloc           0%         N/A       83%         1
 Blink                    Tloc           0%         N/A       92%         2
 Alistair's Intoxication  Tmut/Pois      0%         N/A       100%        5
 Manifold Assault         Tloc           0%         N/A       100%        5
 Storm Form               Tmut/Air       0%         N/A       100%        7
 Animate Skeleton         Necr           Unusable   N/A       N/A         1
 Summon Small Mammal      Summ           Unusable   N/A       N/A         1

Dungeon Overview and Level Annotations

Branches:
Dungeon (5/15)             Temple (1/1) D:4

Altars:
Ashenzari
Cheibriados
Dithmenos
Elyvilon
Fedhas
Gozag
Hepliaklqana
Kikubaaqudgha
Nemelex Xobeh
Okawaru
Qazlal
Ru
Sif Muna
Uskayaw
Vehumet
Wu Jian
Xom
Yredelemnul
Zin

Shops:
D:3 ?

Annotations:
D:5 Dowan, Duvessa


Message History

The glowing orange brain turns its attention towards you.
You hit the small abomination.
The small abomination is lightly damaged.
You block the small abomination's attack.
You barely miss the small abomination.
The small abomination is lightly damaged.
The glowing orange brain blinks!
The small abomination barely misses you.
You barely miss the small abomination.
The small abomination is lightly damaged.
The small abomination hits you!
You closely miss the small abomination.
The small abomination is lightly damaged.
The small abomination hits you!
You are too injured to fight recklessly!
You are too injured to fight recklessly!
You are too injured to fight recklessly!
You are too injured to fight recklessly!
You barely miss the small abomination.
The small abomination is lightly damaged.
You block the small abomination's attack.
You slash the small abomination!
The small abomination is moderately damaged.
The small abomination hits you!
* * * LOW HITPOINT WARNING * * *
You barely miss the small abomination.
The small abomination is moderately damaged.
The small abomination hits you but does no damage.
The glowing orange brain blinks!
You slash the small abomination!
You destroy the small abomination!
That felt strangely unrewarding.
A small abomination comes into view.
You block the small abomination's attack.
The small abomination hits you.
* * * LOW HITPOINT WARNING * * *
The small abomination hits you!
* * * LOW HITPOINT WARNING * * *
The small abomination hits you!
You die...

# .# .# # . ...#
###...#.# # ..#
.....#..#... ...
# .#.. .....
.#.# . #.#.
..##.# # #
###...#
##.#.#... .
##G##.##.......#
#@#...# .#....
#.x#..##... .#
#.#........# #
###...###.##
#.#..# #
....##.# ..##..
.# # .... .#
##.## ..


You could see a glowing orange brain and a small abomination.

Vanquished Creatures
  A small abomination (Abyss:1)
  2 hounds
  A jelly (D:4)
  A centaur skeleton (D:4)
  An orc wizard (D:4)
  2 gnolls
  3 adders
  2 worms (D:2)
  2 dart slugs
  11 orcs
  5 bats
  8 endoplasms
  5 giant cockroaches
  4 goblins
  6 hobgoblins
  8 jackals
  A quokka (D:4)
  9 ball pythons
  4 frilled lizards
  5 kobolds
  11 rats
92 creatures vanquished.

Notes
Turn   | Place    | Note
-------+----------+-------------------------------------------
     0 | D:1      | Fartwhistle the Hill Orc Fighter began the quest for the
                  | Orb.
     0 | D:1      | Reached XP level 1. HP: 19/19 MP: 1/1
    45 | D:1      | HP: 1/20 [dart slug/slug dart (2)]
    47 | D:1      | Reached XP level 2. HP: 1/27 MP: 2/2
   465 | D:1      | Reached XP level 3. HP: 27/33 MP: 3/3
   890 | D:1      | Found a faded altar of an unknown god.
  1371 | D:2      | Reached XP level 4. HP: 41/41 MP: 4/4
  2155 | D:3      | Found Roathas's Magic Scroll Shoppe.
  2165 | D:3      | Bought a scroll of teleportation for 33 gold pieces
  2165 | D:3      | Bought a scroll of teleportation for 33 gold pieces
  2165 | D:3      | Bought a scroll of teleportation for 33 gold pieces
  2165 | D:3      | Bought a scroll of teleportation for 33 gold pieces
  2393 | D:3      | Reached XP level 5. HP: 42/47 MP: 5/5
  2499 | D:3      | Reached skill level 1 in Throwing
  2554 | D:2      | Reached skill level 5 in Fighting
  3204 | D:4      | Found a white marble altar of Elyvilon.
  3460 | D:4      | Found a staircase to the Ecumenical Temple.
  3464 | D:4      | Reached XP level 6. HP: 56/56 MP: 6/6
  3474 | Temple   | Entered the Ecumenical Temple
  3834 | Temple   | Became a worshipper of Warmaster Okawaru
  4496 | D:5      | Entered Level 5 of the Dungeon
  4502 | D:5      | Noticed Dowan
  4571 | D:5      | Noticed Duvessa
  4585 | D:4      | Reached skill level 5 in Axes
  4658 | D:5      | Cast into level 1 of the Abyss (Duvessa)
  4660 | Abyss:1  | Found a corrupted altar of Lugonu.
  4700 | Abyss:1  | Noticed a glowing orange brain
  4736 | Abyss:1  | Noticed a small abomination
  4742 | Abyss:1  | HP: 2/56 [small abomination (11)]
  4744 | Abyss:1  | Mangled by a small abomination

Illustrated notes

Levels and vault maps discovered:
D:1:      elethiomel_arrival_quiet, layout_rooms,
          shapermc_ecumenical_altar_mp_vishouse, hangedman_decor_slide_cut
D:2:      kennysheep_six_static_rooms, layout_rooms, minmay_rat_gold_closets
D:3:      layout_basic, serial_shops, nicolae_lakefront_shop,
          cheibrodos_gnoll_hut
D:4:      layout_basic, elyvilon_altar_4, minmay_temple_entry_statues
D:5:      layout_loops_ring, gammafunk_ghost_cemetery, uniq_crazy_yiuf_cottage,
          uniq_grinder, uniq_duvessa
Temple:   dpeg_five_rooms_temple
Abyss:1:  base: D:4, hangedman_abyss_or_decor_stabs

Skill      XL: |  1  2  3  4  5  6 |
---------------+-------------------+-----
Axes           | 3 4 5 |  5.0
Fighting       | 4 5 |  5.4
Armour         | 4 |  4.9
Throwing       | 1 |  1.8
Shields        | |  3.2

Action                   |  1- 3 |  4- 6 || total
-------------------------+-------+-------++-------
Melee: War axe           |    75 |   186 ||   261
  Use: Potion            |     1 |     1 ||     2
       Scroll            |     3 |     1 ||     4
Armor: Scale mail        |    28 |    74 ||   102
Dodge: Dodged            |    48 |    75 ||   123
Block: Buckler           |    23 |    58 ||    81
